 Dungeon Crawl Stone Soup version 0.19-a0-1049-g462a813 (webtiles) character file.

61149 4thArraOfDagon the Brawler (level 14, -2/144 HPs)
             Began as a Troll Abyssal Knight on July 31, 2016.
             Was a High Priest of Lugonu.
             Killed by a spatial distortion (3 damage)
             ... on level 2 of the Elven Halls.
             The game lasted 00:55:57 (10699 turns).

4thArraOfDagon the Brawler (Troll Abyssal Knight)  Turns: 10699, Time: 00:55:58

Health: -2/144     AC:  6    Str: 27    XL:     14   Next: 59%
Magic:  9/20       EV: 12    Int: 14    God:    Lugonu [*****.]
Gold:   502        SH:  6    Dex:  7    Spells: 5 memorised, 5 levels left

rFire  + . .     SeeInvis .       - Unarmed
rCold  . . .     Gourm    +     P - +1 troll leather armour of Tusinlunno {*Contam rF+ Regen+ Slay+3}
rNeg   + . .     Faith    .     (no shield)
rPois  +         Spirit   .     (helmet restricted)
rElec  .         Dismiss  .     l - +2 cloak {+Inv}
rCorr  +         Reflect  +     (gloves unavailable)
SustAt .         Harm     .     (boots unavailable)
MR     ++...                    E - +6 amulet of reflection
Stlth  +.........               m - ring of Nugis {*Corrode rPois rN+ Str+4}
                                I - ring of resist corrosion

@: corroded, very resistant to hostile enchantments, very unstealthy
A: unfitting armour, claws 3, rugged brown scales 1, slimy green scales 1,
blurry vision 1, clever 1, clumsy 1, fast metabolism 3, gourmand, magic
resistance 1, regeneration 2, shaggy fur 1, tough skin 2
a: Depart the Abyss, Bend Space, Banish, Corrupt, Enter the Abyss, Renounce
Religion, Evoke Invisibility


You were on level 2 of the Elven Halls.
You worshipped Lugonu.
Lugonu was extremely pleased with you.
You were full.

You visited 4 branches of the dungeon, and saw 24 of its levels.
You visited the Abyss 1 time.

You collected 1524 gold pieces.
You spent 1022 gold pieces at shops.

Inventory:

Hand Weapons
 f - the +8 spear of Arrival {pierce, MR++}
   (You found it on level 2 of the Abyss)

   It inflicts extra damage upon your enemies.
   It affects your resistance to hostile enchantments.
 j - a +0 giant spiked club
 o - the +6 mace of Variability {chaos}
   (You found it on level 11 of the Dungeon)

   Each time it hits an enemy it has a different, random effect.
 z - a +0 blowgun
Missiles
 w - 24 large rocks (quivered)
 F - 2 throwing nets
Armour
 a - a +0 robe
 i - a +2 robe
 l - a +2 cloak of invisibility (worn)
 P - the +1 troll leather armour of Tusinlunno (worn) {*Contam rF+ Regen+ Slay+3}
   (You bought it in a shop on level 5 of the Dungeon)

   It affects your accuracy and damage with ranged weapons and melee attacks
   (+3).
   It protects you from fire.
   It causes magical contamination when unequipped.
   It increases your rate of regeneration.
Jewellery
 d - an uncursed ring of positive energy
 m - the ring of Nugis (right claw) {*Corrode rPois rN+ Str+4}
   (You found it on level 8 of the Dungeon)

   [ring of poison resistance]

   It affects your strength (+4).
   It protects you from poison.
   It protects you from negative energy.
   It may corrode you when you take damage.
 s - an uncursed ring of sustain attributes
 E - a +6 amulet of reflection (around neck)
 I - a ring of resist corrosion (left claw)
 T - an uncursed ring of ice
 X - an uncursed ring of poison resistance
Wands
 e - a wand of slowing (24/48)
 g - a wand of iceblast (0/15)
 p - a wand of confusion (20/48)
 u - a wand of paralysis (13/24)
 A - a wand of paralysis (8/24)
 L - a wand of random effects (26/48)
 M - a wand of teleportation (1/9)
 W - a wand of polymorph (12/24)
 Y - a wand of acid (8/15)
Scrolls
 h - 3 scrolls of fear {unknown}
 q - 2 scrolls of random uselessness {unknown}
 r - 3 scrolls of remove curse
 t - 3 scrolls of fog {unknown}
 v - 5 scrolls of teleportation {unknown}
 y - 2 scrolls of brand weapon {unknown}
 B - 2 scrolls of immolation {unknown}
 G - a scroll of amnesia
 J - 4 scrolls of enchant armour {unknown}
 O - 3 scrolls of noise
 Q - 4 scrolls of recharging {unknown}
Potions
 n - a potion of curing
 x - 3 potions of berserk rage
 C - a potion of agility
 D - 2 potions of flight
 H - 5 potions of brilliance
 N - 3 potions of haste {unknown}
 R - a potion of ambrosia
 S - 2 potions of might
 U - a potion of cure mutation
 Z - a potion of magic
Miscellaneous
 K - a phial of floods
Comestibles
 b - 9 bread rations
 c - 9 meat rations
 k - a slice of pizza
 V - a royal jelly


   Skills:
 - Level 9.0 Fighting
 - Level 9.0 Dodging
 - Level 17.0 Unarmed Combat
 + Level 1.8 Spellcasting
 * Level 2.7 Transmutations
 * Level 4.0 Earth Magic
 - Level 10.0 Invocations


You had 5 spell levels left.
You knew the following spells:

 Your Spells              Type           Power        Failure   Level  Hunger
a - Repel Missiles        Chrm/Air       #.....       50%         2    ###....
b - Blink                 Tloc           N/A          50%         2    ###....
c - Apportation           Tloc           #.........   34%         1    ##.....
d - Passage of Golubria   Tloc           N/A          100%        4    #####..
e - Passwall              Tmut/Erth      ##........   12%         2    ###....


Dungeon Overview and Level Annotations

Branches:
Dungeon (15/15)              Lair (6/6) D:10          Slime (0/5) Lair:5
    Orc (2/2) D:9             Elf (2/3) Orc:2        Vaults (0/5) D:13
 Depths (0/5) D:15
 Temple: D:4-7        Swamp: Lair:2-4    Shoals: Lair:2-4     Snake: Lair:2-4
 Spider: Lair:2-4

Altars:
Fedhas
Gozag
Hepliaklqana
Okawaru
Qazlal
Ru
Trog
Xom
Zin
The Shining One
Beogh
Jiyva

Shops:
D:5 [   Orc:1 %   Orc:2 (=[*

Portals:
Trove: D:10 (give +2 storm dragon armour)

Annotations:
D:7 CypherZel's ghost, novice VSBe
D:13 corrupted
D:15 corrupted
Orc:1 corrupted
Orc:2 corrupted
Elf:1 corrupted
Elf:2 corrupted
Abyss:1 Roxanne


Innate Abilities, Weirdness & Mutations

You are too large for most types of armour.
You have claws for hands.
Your metabolism is lightning-fast.
You like to eat raw meat.
You heal very quickly.
You are covered in fur. (AC +1)
You have very tough skin. (AC +2)
You are partially covered in rugged brown scales. (AC +1, +3% HP)
You are partially covered in slimy green scales. (AC +2)
Scrolls take you a little longer to read.
Your mind is acute. (Int +2)
You are clumsy. (Dex -2)
You are resistant to hostile enchantments. (MR+)


Message History

Unknown command.
Unknown command.
You feel better.
Something misses the deep elf mage.
Something hits you!
* * * LOW HITPOINT WARNING * * *
The fire elemental closely misses you.
The deep elf mage hits something with a rapier.
The sun demon barely misses the deep elf mage.
The shadow is engulfed in roaring flames.
The shadow hits the fire elemental.
The neqoxec hits the fire elemental.
The neqoxec gestures.
The white imp gestures at the deep elf mage.
The puff of frost hits the deep elf mage.
The crimson imp blinks!
Something hits the fire elemental but does no damage.
Unknown command.
Unknown command.
Okay, then.
Unknown command.
Space bends around you!
You blink.
You die...

.......#....x.........
.......5.#...3GX4.3...$.
.........3.##X#.z#..#..#
.........#.W..#xhD.##..#
.........#..#§E§..5....#
..#...33{Wex.....#
.....4h#3.#3X.Z...
....R4X.5#RX..#
.#....#.#s@.#..
#####x..G.3......#
#..##.....#..#
#......#...# + # .#.
...# ..#. .... .. #.
.?.#. ... #. ..>#..


You could see a fire elemental, a neutral bone dragon, a neutral starcursed
mass, 2 neutral rakshasas, a neutral shining eye (wandering), a neutral sun
demon, 2 neutral thrashing horrors, 2 neutral large abominations, a neutral rust
devil, a neutral orb spider, a neutral eye of draining, a neutral sixfirhy, a
neutral raiju, 2 neutral ynoxinuls, a neutral chaos spawn, 3 neutral small
abominations, a neutral shadow, a neutral iron imp, a neutral white imp and a
neutral frost giant zombie.

Vanquished Creatures
  A stone giant (Orc:2)
  Azrael (Elf:1)
  Josephine (Lair:5)
  Fannar (Lair:3)
  Harold (Orc:1)
  Erolcha (D:11)
  Erica (D:9)
  2 centaur warriors
  3 dancing weapons
  The ghost of JustSomeDude the Ducker, a novice TrBe of Trog (D:6)
  3 deep elf knights
  An unseen horror (D:13)
  2 hill giants
  2 manticores (D:15)
  9 deep elf magi
  3 cyclopes
  A wolf spider zombie (D:14)
  A griffon (Lair:3)
  2 black mambas (Lair:6)
  Psyche (D:8)
  A centaur zombie (D:14)
  8 spiny frogs
  2 gargoyles (D:12)
  A yaktaur (D:15)
  4 komodo dragons
  2 rime drakes (Lair:6)
  2 tengu conjurers (D:14)
  8 polar bears (Lair:6)
  A troll (D:13)
  9 blink frogs
  9 two-headed ogres
  3 raiju (Lair:6)
  2 slime creatures (D:14)
  A vampire (D:13)
  A spriggan (Lair:2)
  A water elemental (Elf:1)
  24 yaks
  6 wraiths
  4 basilisks
  4 wyverns
  2 chaos spawn (D:11)
  2 fire elementals (Elf:1)
  3 steam dragons
  8 hippogriffs
  A hungry ghost (D:8)
  6 wargs
  2 insubstantial wisps (D:8)
  2 soldier ants
  2 mottled dragons (Lair:6)
  5 water moccasins
  5 porcupines
  9 hell hounds
  3 ice beasts
  20 orc warriors
  4 sky beasts
  3 phantoms
  2 swamp drakes (Lair:6)
  14 black bears
  27 wolves
  6 centaurs
  2 eyes of draining
  A necrophage (D:7)
  16 ogres
  11 crocodiles
  3 big kobolds
  7 giant frogs
  2 gnoll sergeants
  A wyvern skeleton (D:8)
  A water moccasin skeleton (D:12)
  2 scorpions
  5 jellies
  15 killer bees
  3 howler monkeys
  13 crimson imps
  8 orc priests
  2 giant frog skeletons
  23 hounds
  18 orc wizards
  4 centaur skeletons
  6 iguanas
  7 worker ants
  15 sheep
  A hound skeleton (D:11)
  A worker ant zombie (D:8)
  8 gnolls
  4 adders
  31 river rats
  4 shadow imps
  A giant gecko (D:5)
  67 orcs
  A bat (D:2)
  2 giant cockroaches (D:2)
  16 kobolds
  A quokka (D:2)
  A rat (D:1)
  3 plants (Lair:6)
563 creatures vanquished.

Vanquished Creatures (others)
  A frost giant (D:15)
  A deep elf annihilator (Elf:1)
  A fire dragon (Lair:6)
  7 vault guards (D:13)
  4 hydras
  4 ogre magi (Orc:2)
  A centaur warrior (D:15)
  A tengu warrior (D:13)
  A deep elf knight (Elf:1)
  2 orc knights
  4 hill giants
  A wolf spider zombie (D:15)
  3 deep elf archers (Elf:1)
  9 deep elf magi (Elf:1)
  A slime creature (D:14)
  A black mamba (Lair:3)
  A komodo dragon (D:11)
  2 efreet (D:15)
  2 freezing wraiths (D:15)
  A troll (shapeshifter) (Elf:1)
  A tengu conjurer (D:13)
  8 two-headed ogres (Orc:2)
  2 air elementals (Elf:1)
  A water elemental (Elf:1)
  2 fire elementals (Elf:1)
  A wraith (D:13)
  2 basilisks
  A yak (D:9)
  4 vampire mosquitoes (D:13)
  2 hell hounds (Elf:1)
  A phantom (D:13)
  6 orc warriors
  17 ogres
  A giant frog (D:13)
  A vampire bat (Orc:2)
  5 orc priests
  5 orc wizards
  15 orcs
  6 bats (Orc:2)
  4 plants (Lair:6)
  14 starspawn tentacles
  80 starspawn tentacle segments
227 creatures vanquished.

Grand Total: 790 creatures vanquished

Notes
Turn   | Place    | Note
-------+----------+-------------------------------------------
     0 | Abyss:1  | 4thArraOfDagon the Troll Abyssal Knight began the quest for the Orb.
     0 | Abyss:1  | Reached XP level 1. HP: 22/22 MP: 1/1
    15 | Abyss:1  | Found a radiant altar of Vehumet.
    33 | Abyss:2  | Found a corrupted altar of Lugonu.
    48 | Abyss:2  | Noticed a snapping turtle zombie
    64 | Abyss:2  | Got a translucent spear
    78 | Abyss:2  | Noticed an ancient zyme
    80 | D:1      | Escaped the Abyss
    81 | D:1      | Identified the +8 spear of Arrival {pierce, MR++} (You found it on level 2 of the Abyss)
    91 | D:1      | Gained mutation: You can translocate small distances at will. [potion of beneficial mutation]
    95 | D:1      | HP: 1/22 [kobold/whip (1)]
    97 | D:1      | Lost mutation: You can translocate small distances at will. [potion of cure mutation]
   147 | D:2      | Found a blossoming altar of Fedhas.
   150 | D:2      | Found a stormy altar of Qazlal.
   163 | D:2      | You fall through a shaft for 2 floors!
   237 | D:4      | Noticed a scorpion
   244 | D:4      | Killed a scorpion
   244 | D:4      | Reached skill level 3 in Unarmed Combat
   244 | D:4      | Reached XP level 2. HP: 18/29 MP: 2/2
   244 | D:4      | Reached XP level 3. HP: 22/36 MP: 3/3
   334 | D:4      | Reached * piety under Lugonu
   334 | D:4      | Reached XP level 4. HP: 44/44 MP: 4/4
   372 | D:5      | Entered Level 5 of the Dungeon
   390 | D:5      | Reached skill level 4 in Unarmed Combat
   430 | D:6      | Noticed JustSomeDude's ghost (novice TrBe)
   448 | D:7      | Noticed CypherZel's ghost (novice VSBe)
   453 | D:7      | Noticed an ice beast
   469 | D:6      | Noticed an orc warrior
   479 | D:6      | Killed an orc warrior
   479 | D:6      | Reached XP level 5. HP: 43/50 MP: 6/6
   489 | D:6      | Killed JustSomeDude's ghost
   489 | D:6      | Reached skill level 7 in Unarmed Combat
   489 | D:6      | Reached XP level 6. HP: 50/59 MP: 6/8
   489 | D:6      | Reached XP level 7. HP: 56/66 MP: 6/9
   599 | D:6      | Found a glowing silver altar of Zin.
   649 | D:6      | Reached skill level 5 in Invocations
   649 | D:6      | Reached XP level 8. HP: 14/74 MP: 10/10
   670 | D:6      | Reached skill level 8 in Unarmed Combat
   803 | D:5      | Learned a level 2 spell: Repel Missiles
   806 | D:5      | Learned a level 2 spell: Blink
   829 | D:5      | Found Hoinnuma's Antique Armour Emporium.
   972 | D:7      | Reached skill level 9 in Unarmed Combat
  1007 | D:7      | Ferkelamun: good nerves
  1313 | D:8      | Reached ** piety under Lugonu
  1401 | D:8      | Reached XP level 9. HP: 65/80 MP: 12/12
  1424 | D:8      | Reached skill level 10 in Unarmed Combat
  1608 | D:8      | Noticed Psyche
  1639 | D:8      | Killed Psyche
  1695 | D:8      | Reached skill level 11 in Unarmed Combat
  1761 | D:8      | Gained mutation: Your body sometimes deteriorates upon taking damage. [mutagenic meat]
  1764 | D:8      | Gained mutation: You are partially covered in rugged brown scales. (AC +1, +3% HP) [mutagenic meat]
  1767 | D:8      | Gained mutation: You are partially covered in slimy green scales. (AC +2) [mutagenic meat]
  1770 | D:8      | Gained mutation: Scrolls take you a little longer to read. [mutagenic meat]
  1773 | D:8      | Gained mutation: You possess an exceptional clarity of mind. [mutagenic meat]
  1861 | D:8      | Lost mutation: Your body sometimes deteriorates upon taking damage. [mutagenic meat]
  1877 | D:8      | Reached *** piety under Lugonu
  1946 | D:8      | Got a transparent glass ring
  1950 | D:8      | Identified the ring of Nugis {*Corrode rPois rN+ Str+4} (You found it on level 8 of the Dungeon)
  2130 | D:9      | Reached XP level 10. HP: 90/90 MP: 14/14
  2185 | D:9      | Found a bloodstained altar of Trog.
  2186 | D:9      | Found an iron altar of Okawaru.
  2223 | D:9      | Reached skill level 12 in Unarmed Combat
  2319 | D:10     | Entered Level 10 of the Dungeon
  2545 | D:10     | Reached **** piety under Lugonu
  2595 | D:10     | Found a staircase to the Lair.
  2614 | D:11     | Noticed a hill giant
  2628 | D:11     | Banished a hill giant
  2628 | D:11     | Reached skill level 13 in Unarmed Combat
  2698 | D:11     | Found a shimmering altar of Xom.
  2792 | D:11     | Noticed a brown ugly thing
  2846 | D:11     | Banished a brown ugly thing
  3024 | D:12     | Found an opulent altar of Gozag.
  3042 | D:13     | Identified a scroll of acquirement
  3106 | D:13     | Killed an unseen horror
  3106 | D:13     | Reached XP level 11. HP: 26/96 MP: 16/16
  3187 | D:13     | Noticed a vault guard
  3189 | D:13     | Noticed a vault guard
  3207 | D:13     | Noticed a vault guard
  3211 | D:13     | Noticed a vault guard
  3228 | D:13     | Banished a vault guard
  3309 | D:12     | Reached skill level 14 in Unarmed Combat
  3332 | D:13     | Banished a vault guard
  3337 | D:13     | Noticed a vault guard
  3447 | D:10     | Noticed a hill giant
  3458 | D:10     | Killed a hill giant
  3620 | D:10     | Found a portal to a secret trove of treasure.
  3849 | D:9      | Found a glowing golden altar of the Shining One.
  3918 | D:9      | Found a roughly hewn altar of Beogh.
  3918 | D:9      | Found a staircase to the Orcish Mines.
  4012 | D:9      | Noticed Erica
  4073 | Orc:1    | Entered Level 1 of the Orcish Mines
  4073 | Orc:1    | Found Sirgh's Food Boutique.
  4083 | Orc:1    | Noticed Harold
  4092 | Orc:2    | Entered Level 2 of the Orcish Mines
  4094 | Orc:2    | Corrupted Orc:2
  4094 | Orc:2    | Noticed a purple very ugly thing
  4094 | Orc:2    | Noticed a starcursed mass
  4094 | Orc:2    | Noticed a thrashing horror
  4130 | Orc:2    | Noticed an ogre mage
  4143 | Orc:2    | Noticed an orb spider
  4145 | Orc:2    | Noticed an ogre mage
  4145 | Orc:2    | Noticed an ogre mage
  4145 | Orc:2    | Noticed an ogre mage
  4146 | Orc:2    | an orb spider changed into a komodo dragon
  4151 | Orc:2    | Killed an ogre mage
  4153 | Orc:2    | Killed an ogre mage
  4154 | Orc:2    | Killed an ogre mage
  4156 | Orc:2    | Killed an ogre mage
  4244 | Orc:2    | Found a staircase to the Elven Halls.
  4350 | Orc:2    | Reached skill level 10 in Invocations
  4367 | Orc:2    | Found Lisizau's Jewellery Shop.
  4367 | Orc:2    | Found Xipyrata's Assorted Antiques.
  4372 | Orc:2    | Found Dyenoum's Antique Weapon Emporium.
  4372 | Orc:2    | Found Bohaneck's Antique Armour Shop.
  4411 | Orc:2    | Reached skill level 15 in Unarmed Combat
  4424 | Orc:2    | Bought a scroll labeled QIOTRAVO GUOFF for 28 gold pieces
  4424 | Orc:2    | Bought a scroll labeled SEREIR KOFOGINN for 28 gold pieces
  4424 | Orc:2    | Bought a scroll labeled HIATHRO PIEMI for 28 gold pieces
  4424 | Orc:2    | Bought a yellow potion for 25 gold pieces
  4424 | Orc:2    | Bought a bubbling ruby potion for 25 gold pieces
  4424 | Orc:2    | Bought a scroll labeled MAHYATAM SUWUI for 28 gold pieces
  4690 | Orc:1    | Found a roughly hewn altar of Beogh.
  4905 | Orc:1    | Noticed an orc knight
  4907 | Orc:1    | Corrupted Orc:1
  4907 | Orc:1    | Noticed a thrashing horror
  4907 | Orc:1    | Noticed a cacodemon
  4907 | Orc:1    | Noticed a tentacled starspawn
  4907 | Orc:1    | Noticed a thrashing horror
  4907 | Orc:1    | Noticed a bone dragon
  4907 | Orc:1    | Noticed a thrashing horror
  4911 | Orc:1    | Killed an orc knight
  5116 | Orc:2    | Noticed an orc knight
  5122 | Orc:2    | Banished an orc knight
  5137 | Orc:2    | Bought a +6 amulet of reflection for 300 gold pieces
  5195 | Orc:1    | Killed Harold
  5295 | D:9      | Killed Erica
  5295 | D:9      | Reached XP level 12. HP: 44/107 MP: 18/18
  5346 | D:9      | Found a sacrificial altar of Ru.
  5515 | D:11     | Noticed Erolcha
  5524 | D:11     | Killed Erolcha
  5524 | D:11     | Reached skill level 16 in Unarmed Combat
  5651 | D:11     | Found a bloodstained altar of Trog.
  5968 | D:13     | Noticed a tengu warrior
  5970 | D:13     | Corrupted D:13
  5970 | D:13     | Noticed a tentacled starspawn
  5970 | D:13     | Noticed a bone dragon
  5973 | D:13     | Noticed a blizzard demon
  5977 | D:13     | Killed a tengu warrior
  5978 | D:13     | Noticed a vault guard
  5986 | D:13     | Found a gate to the Vaults.
  5986 | D:13     | Killed a vault guard
  6015 | D:13     | Killed a vault guard
  6021 | D:13     | Noticed a tentacled starspawn
  6025 | D:13     | Noticed a vampire mage
  6025 | D:13     | Killed a vault guard
  6032 | D:13     | Killed a vault guard
  6051 | D:13     | Noticed a cyan very ugly thing
  6060 | D:13     | Killed a vault guard
  6119 | D:15     | Entered Level 15 of the Dungeon
  6228 | D:15     | Noticed a centaur warrior
  6238 | D:15     | Corrupted D:15
  6238 | D:15     | Noticed a deep elf demonologist
  6238 | D:15     | Noticed a starcursed mass
  6243 | D:15     | Noticed a Hell Sentinel
  6244 | D:15     | Killed a centaur warrior
  6332 | D:15     | Noticed a frost giant
  6363 | D:15     | Banished a frost giant
  6363 | D:15     | Reached skill level 17 in Unarmed Combat
  6428 | D:15     | Found a staircase to the Depths.
  6535 | D:15     | Noticed a centaur warrior
  6550 | D:15     | Killed a centaur warrior
  6711 | D:14     | Noticed a centaur warrior
  6716 | D:14     | Killed a centaur warrior
  7159 | D:13     | Learned a level 1 spell: Apportation
  7164 | D:13     | Learned a level 4 spell: Passage of Golubria
  7196 | D:12     | Reached skill level 5 in Fighting
  7456 | D:5      | Bought a scorched troll leather armour for 560 gold pieces
  7466 | D:5      | Identified the +1 troll leather armour of Tusinlunno {*Contam rF+ Regen+ Slay+3} (You bought it in a shop on level 5 of the Dungeon)
  7466 | D:5      | :(
  7621 | D:9      | Gained mutation: Your mind is acute. (Int +2) [mutagenic meat]
  7624 | D:9      | Lost mutation: You possess an exceptional clarity of mind. [mutagenic meat]
  7676 | Lair:1   | Entered Level 1 of the Lair of Beasts
  7697 | Lair:1   | Reached XP level 13. HP: 107/121 MP: 19/19
  7771 | Lair:2   | Reached skill level 5 in Dodging
  8041 | Lair:3   | Reached ***** piety under Lugonu
  8104 | Lair:3   | Noticed Fannar
  8116 | Lair:3   | Killed Fannar
  8262 | Lair:6   | Entered Level 6 of the Lair of Beasts
  8727 | Lair:6   | Noticed a fire dragon
  8757 | Lair:6   | Banished a fire dragon
  9251 | Lair:6   | Reached XP level 14. HP: 140/141 MP: 20/20
  9335 | Lair:5   | Found a staircase to the Slime Pits.
  9335 | Lair:5   | Found a viscous altar of Jiyva.
  9336 | Lair:5   | Noticed Josephine
  9384 | Lair:5   | Reached ****** piety under Lugonu
  9399 | Lair:5   | Killed Josephine
  9600 | Lair:3   | Learned a level 2 spell: Passwall
  9637 | Lair:3   | Found a hazy altar of Hepliaklqana.
  9686 | Lair:3   | Reached skill level 1 in Earth Magic
 10072 | D:10     | 4thArraOfDagon: where now
 10072 | D:10     | 4thArraOfDagon: elves
 10072 | D:10     | 4thArraOfDagon: or lair branches
 10072 | D:10     | 4thArraOfDagon: ::(
 10189 | Orc:2    | Noticed a stone giant
 10191 | Orc:2    | Killed a stone giant
 10191 | Orc:2    | Reached skill level 1 in Spellcasting
 10191 | Orc:2    | Reached skill level 1 in Transmutations
 10232 | Elf:1    | Entered Level 1 of the Elven Halls
 10344 | Elf:1    | Noticed Roxanne
 10345 | Elf:1    | there
 10346 | Elf:1    | Corrupted Elf:1
 10346 | Elf:1    | Noticed a tentacled starspawn
 10346 | Elf:1    | Noticed a tentacled starspawn
 10346 | Elf:1    | Noticed a tentacled starspawn
 10346 | Elf:1    | Noticed a tentacled starspawn
 10351 | Elf:1    | Banished Roxanne
 10392 | Elf:1    | Noticed a tentacled starspawn
 10403 | Elf:1    | Noticed a lich
 10405 | Elf:1    | Noticed a tentacled starspawn
 10413 | Elf:1    | Noticed a tentacled starspawn
 10416 | Elf:1    | Noticed a tentacled starspawn
 10424 | Elf:1    | 4thArraOfDagon: where is book
 10428 | Elf:1    | 4thArraOfDagon: banished roxanne
 10428 | Elf:1    | 4thArraOfDagon: NOOO
 10462 | Elf:1    | Noticed Azrael
 10470 | Elf:1    | Killed Azrael
 10567 | Elf:1    | Gained mutation: You are resistant to hostile enchantments. (MR+) [mutagenic meat]
 10570 | Elf:1    | Gained mutation: You are clumsy. (Dex -2) [mutagenic meat]
 10697 | Elf:2    | Corrupted Elf:2
 10697 | Elf:2    | Noticed a starcursed mass
 10697 | Elf:2    | Noticed a bone dragon
 10697 | Elf:2    | HP: 1/144 [something (13)]
 10699 | Elf:2    | Killed by a spatial distortion

Vault maps used:
D:1:      ldierk_walled_garden
D:2:      grunt_temple_overflow_forces_of_nature, marbit_many_paths,
          nrook_uturn, kennysheep_doodads
D:4:      lemuel_round_altar, uniq_natasha, uniq_duvessa
D:5:      first_bread, serial_shops, nicolae_shop_trees
D:6:      lemuel_ratsnest, basic_altar, trog_wizard, uniq_sigmund
D:7:      the_bakery, kennysheep_generic_room_15, uniq_crazy_yiuf_cottage
D:8:      minivault_5, hangedman_misty_isle, uniq_psyche
D:9:      kennysheep_mini, grunt_temple_overflow_bloody_war, lemuel_round_altar,
          david_orc_5, serial_column_ruins, column_ruins_circle_medium,
          column_ruins_open_tiny_water, column_ruins_open_tiny,
          column_ruins_corridor_straight, column_ruins_open_medium,
          column_ruins_open_small, small_chamber_with_monster, uniq_erica
D:10:     lair_0_dummy, nicolae_trove_entry_crystal, grunt_ministairs_12,
          hangedman_decor_lopped
D:11:     basic_altar, minmay_guarded_unrand_variability, uniq_erolcha
D:12:     basic_altar, uniq_nessos
D:13:     erik_vaults_2
D:14:     dragon1_lemuel, grunt_decor_mini_mirrors
D:15:     grunt_enter_depths_snipers, serial_park_tiny_1, small_statue_alley_a
Lair:1:   beast_lair_carwin_large_1, grunt_megastairs_1
Lair:2:   grunt_forest_large_clearing_hut, uniq_gastronok
Lair:3:   basic_altar, infiniplex_staircase_pool_2, grunt_megastairs_5,
          uniq_fannar
Lair:4:   elwin_shoals_entry_rocks, minmay_snake_entry_guardpost_medium,
          serial_bayou_shore_b, serial_bayou_shore_b
Lair:5:   slime_altar_1, serial_bayou_pond_e, uniq_josephine
Lair:6:   hangedman_lair_caniforms_friends, guppyfry_lair_end_dragon,
          lemuel_fruit_fields
Orc:1:    nicolae_orc_accident_1, serial_shops, shop, mines2_david, uniq_harold
Orc:2:    st_orc_ogre_mass, roderic_batcave
Elf:1:    eino_elf_arrival_customs, hangedman_elf_disciples,
          nicolae_elf_big_sculpture_2, st_stairs_2, grunt_megastairs_2,
          uniq_aizul, uniq_roxanne, uniq_agnes, uniq_azrael
Elf:2:    amethyst_killhole, serial_sigils_hangedman_quiver, uniq_saint_roka
Abyss:2:  minivault_25

Skill      XL: |  1  2  3  4  5  6  7  8  9 10 11 12 13 14 |
---------------+-------------------------------------------+-----
Unarmed Combat | 3 4 7 9 11 13 15 17 | 17.0
Invocations    | 2 3 4 5 6 7 9 10 | 10.0
Dodging        | 4 8 9 |  9.0
Fighting       | 5 8 9 |  9.0
Earth Magic    | 4 |  4.0
Spellcasting   | 1 |  1.8
Transmutations | 2 |  2.7

Action                   |  1- 3 |  4- 6 |  7- 9 | 10-12 | 13-15 || total
-------------------------+-------+-------+-------+-------+-------++-------
Melee: Spear             |    17 |    24 |    24 |       |       ||    65
       Unarmed           |     5 |       |   210 |   787 |   762 ||  1764
       Punch             |       |     1 |    11 |    52 |    45 ||   109
Throw: Large rock        |       |       |       |     4 |     3 ||     7
       Throwing net      |       |       |       |     1 |       ||     1
Invok: Depart the Abyss  |     1 |       |       |       |       ||     1
       Banish            |       |       |       |    22 |    11 ||    33
       Corrupt           |       |       |       |     4 |     2 ||     6
       Bend Space        |       |       |       |     2 |     1 ||     3
Evoke: Wand              |       |       |     4 |     1 |       ||     5
  Use: Potion            |     3 |     2 |     1 |     4 |     2 ||    12
       Scroll            |       |     2 |     5 |     1 |     7 ||    15
 Stab: Invisible         |       |       |     1 |       |       ||     1
       Distracted        |       |       |       |     2 |       ||     2
       Held in net/web   |       |       |       |     2 |       ||     2
  Eat: Chunk             |     3 |     2 |    33 |    63 |    35 ||   136
       Beef jerky        |       |       |       |       |     1 ||     1
Armor: Robe              |     6 |     6 |    45 |   255 |       ||   312
       Skin              |       |    25 |    10 |       |       ||    35
       Troll leather arm |       |       |       |     5 |   231 ||   236
Dodge: Dodged            |     6 |     5 |    76 |   283 |   310 ||   680
Block: Other             |       |       |       |    47 |   174 ||   221
       Reflection        |       |       |       |     6 |     4 ||    10
